 Dungeon Crawl Stone Soup version 0.24-a0-228-g05560da (webtiles) character file.

Game seed: 9503223227788327004

254 gruber the Cutter (level 6, 0/32 HPs)
             Began as a Vine Stalker Berserker on Apr 1, 2019.
             Was a Believer of Trog.
             Splashed by a jelly's acid (6 damage)
             ... on level 3 of the Dungeon.
             The game lasted 00:02:53 (1212 turns).

gruber the Cutter (Vine Stalker Berserker)          Turns: 1212, Time: 00:02:54

Health: 0/32       AC:  3    Str: 20    XL:     6   Next: 15%
Magic:  0/7        EV: 12    Int:  7    God:    Trog [**....]
Gold:   121        SH:  0    Dex: 15    Spells: 5/5 levels left

rFire    . . .     SeeInvis .   a - +0 short sword
rCold    . . .     Gourm    .   (no shield)
rNeg     . . .     Faith    .   j - +0 leather armour
rPois    .         Spirit   +   (no helmet)
rElec    .         Reflect  .   (no cloak)
rCorr    .         Harm     .   (no gloves)
MR       ++...                  (no boots)
Stlth    +.........             (no amulet)
HPRegen  1.50/turn              (no ring)
MPRegen  0.10/turn              (no ring)

@: berserk cooldown, regenerating
A: fangs 2, regeneration 1, magic shield, antimagic bite, no potion heal 3, rot
immunity
a: Berserk, Trog's Hand, Renounce Religion


You were on level 3 of the Dungeon.
You worshipped Trog.
Trog was pleased with you.
You were near starving.

You visited 1 branch of the dungeon, and saw 3 of its levels.

You collected 121 gold pieces.

Inventory:

Hand Weapons
 a - a +0 short sword (weapon)
Missiles
 i - 2 throwing nets (quivered)
Armour
 j - a +0 leather armour (worn)
Scrolls
 e - a scroll of remove curse {unknown}
 f - a scroll of enchant weapon {unknown}
 g - 2 scrolls of identify {unknown}
 h - 2 scrolls of blinking {unknown}
 l - 3 scrolls of enchant armour {unknown}
 n - a scroll of immolation {unknown}
Potions
 b - 2 potions of might {unknown}
 d - a potion of mutation {unknown}
 k - a potion of curing {unknown}
 o - a potion of magic {unknown}
Comestibles
 c - 3 rations
 m - a chunk of flesh


   Skills:
 - Level 2.6 Fighting
 + Level 6.1 Short Blades
 - Level 1.5 Armour
 - Level 1.5 Dodging


You had 5 spell levels left.
You didn't know any spells.
Your spell library was empty.

Dungeon Overview and Level Annotations

Branches:
Dungeon (3/15)

Altars:
Elyvilon
Qazlal
Ru

Annotations:
D:3 Jessica


Innate Abilities, Weirdness & Mutations

You have extremely sharp teeth.
Your natural rate of healing is unusually fast.
When hurt, damage is shared between your health and your magic reserves.
Your bite disrupts and absorbs the magic of your enemies.
Potions cannot restore your health.
You are immune to rotting.


Message History

* * * LOW HITPOINT WARNING * * *
The giant cockroach barely misses you. The bat hits you.
* * * LOW HITPOINT WARNING * * *
The bat closely misses you. The bat hits you.
* * * LOW HITPOINT WARNING * * *
The bat barely misses you.
You hit the bullfrog but do no damage. Your bite misses the bullfrog.
The bat barely misses you. The bullfrog hits you.
* * * LOW HITPOINT WARNING * * *
You barely miss the bullfrog. You bite the bullfrog. You drain its power.
You feel invigorated.
The bullfrog is lightly wounded.
The bat hits you but does no damage. The bullfrog completely misses you.
The frilled lizard hisses.
The jelly hits you.
* * * LOW HITPOINT WARNING * * *
You are splashed with acid!
You die...

#...#.##.# .....
##...#S.##....
###...).###...###
.......g.#≈≈...≈≈#
###.....S#≈..♣..≈###
.....##...).......#
>..... #..g♣.lb♣r..#
...... ##.rS.SF...#
....!. ##≈..♣@.≈##
[.. #≈≈rJ.≈≈#
###...### ....##
######


You could see a bullfrog, a jelly, an adder, a goblin, a bat, a ball python, a
frilled lizard, 2 rats and a neutral quokka (wandering).

Vanquished Creatures
  Sigmund (D:3)
  An orc wizard (D:2)
  2 adders
  2 oozes (D:2)
  2 worms (D:2)
  2 leopard geckos (D:2)
  2 ball pythons
  4 bats
  3 giant cockroaches (D:2)
  3 goblins (D:1)
  9 hobgoblins
  6 kobolds
  5 frilled lizards
  7 rats
49 creatures vanquished.

Notes
Turn   | Place    | Note
-------+----------+-------------------------------------------
     0 | D:1      | gruber the Vine Stalker Berserker began the quest for the
                  | Orb.
     0 | D:1      | Reached XP level 1. HP: 11/11 MP: 2/2
   160 | D:1      | Reached skill level 3 in Short Blades
   296 | D:1      | Reached XP level 2. HP: 11/16 MP: 3/3
   734 | D:2      | Found a stormy altar of Qazlal.
   746 | D:2      | Reached XP level 3. HP: 19/19 MP: 4/4
   842 | D:2      | Found a sacrificial altar of Ru.
   849 | D:2      | Reached ** piety under Trog
   849 | D:2      | Reached skill level 4 in Short Blades
   849 | D:2      | Gained mutation: Your natural rate of healing is unusually
                  | fast. [Vine Stalker growth]
   849 | D:2      | Reached XP level 4. HP: 22/23 MP: 5/5
  1155 | D:2      | You fall through a shaft!
  1159 | D:3      | Noticed Sigmund
  1169 | D:3      | Killed Sigmund
  1169 | D:3      | Reached skill level 6 in Short Blades
  1169 | D:3      | Reached XP level 5. HP: 2/27 MP: 1/6
  1169 | D:3      | Reached XP level 6. HP: 3/32 MP: 1/7
  1180 | D:3      | Noticed Jessica
  1203 | D:3      | Found a white marble altar of Elyvilon.
  1212 | D:3      | Splashed by a jelly's acid

Levels and vault maps discovered:
D:1:      dpeg_arrival_solitude, layout_rooms, nrook_campfire
D:2:      layout_loops_ring, nicolae_ru_great_annihilating_truth,
          nicolae_qazlal_general_emergency, minmay_fountain_box
D:3:      layout_rooms, first_ration, chequers_serial_rivers_small_3,
          serial_bayou_ford_a, elyvilon_altar_4, uniq_jessica, uniq_sigmund

Skill      XL: |  1  2  3  4 |
---------------+-------------+-----
Short Blades   | 3 4 6 |  6.1
Fighting       | |  2.6
Armour         | |  1.5
Dodging        | |  1.5

Action                   |  1- 3 |  4- 6 || total
-------------------------+-------+-------++-------
Melee: Short sword       |    66 |    61 ||   127
       Bite              |    19 |    16 ||    35
Invok: Trog's Hand       |       |     2 ||     2
       Berserk           |       |     1 ||     1
  Eat: Chunk             |       |     1 ||     1
Armor: Leather armour    |    13 |    14 ||    27
Dodge: Dodged            |    40 |    62 ||   102

Table legend:
 A = Non-vault XP
 B = Vault XP
 C = Vault XP percentage of total XP
 D = Non-vault monster count
 E = Vault monster count
 F = Vault count percentage of total count
                 A         B        C        D         E       F
            +---------+---------+-------+---------+---------+-------
      Total |     100 |     264 |  72.5 |      44 |       5 |  10.2
            +---------+---------+-------+---------+---------+-------
        D:1 |      25 |       0 |   0.0 |      16 |       0 |   0.0
        D:2 |      59 |      56 |  48.7 |      25 |       4 |  13.8
        D:3 |      16 |     208 |  92.9 |       3 |       1 |  25.0
            +---------+---------+-------+---------+---------+-------
